 Dungeon Crawl Stone Soup version 0.22-a0-469-gf26638a (webtiles) character file.

857 CougarLife the Skirmisher (level 7, -1/58 HPs)
             Began as a Demonspawn Fighter on June 12, 2018.
             Succumbed to a hornet's poison
             ... on level 5 of the Dungeon.
             The game lasted 00:06:13 (4196 turns).

CougarLife the Skirmisher (Demonspawn Fighter)      Turns: 4196, Time: 00:06:14

Health: -1/58      AC:  9    Str: 18    XL:     7   Next: 70%
Magic:  7/7        EV:  7    Int:  9    God:
Gold:   177        SH:  9    Dex: 13    Spells: 6/6 levels left

rFire    . . .     SeeInvis .   a - +0 war axe
rCold    . . .     Gourm    .   c - +0 shield
rNeg     . . .     Faith    .   b - +0 scale mail
rPois    .         Spirit   .   (helmet restricted)
rElec    .         Reflect  .   (no cloak)
rCorr    .         Harm     .   (no gloves)
MR       .....                  (no boots)
Stlth    ..........             (no amulet)
HPRegen  0.19/turn              (no ring)
MPRegen  0.10/turn              (no ring)

@: lethally poisoned (-1 -> -19), slowed, very slow
A: horns 1, molten scales 2, powered by death 1, spiny 1
a: no special abilities


You were on level 5 of the Dungeon.
You were near starving.

You visited 1 branch of the dungeon, and saw 5 of its levels.

You collected 221 gold pieces.
You spent 44 gold pieces at shops.

Inventory:

Hand Weapons
 a - a +0 war axe (weapon)
Armour
 b - a +0 scale mail (worn)
 c - a +0 shield (worn)
Jewellery
 n - an uncursed amulet of magic regeneration {unknown}
Wands
 p - a wand of scattershot (5)
 t - a wand of digging (14)
Scrolls
 e - 4 scrolls of teleportation {unknown}
 i - 4 scrolls of identify {unknown}
 k - 3 scrolls of enchant weapon {unknown}
 l - 2 scrolls of fear {unknown}
 m - 7 scrolls of remove curse {unknown}
 q - a scroll of immolation {unknown}
 s - a scroll of noise {unknown}
Potions
 d - 2 potions of might
 g - a potion of lignification {unknown}
 h - 3 potions of curing
 j - a potion of agility {unknown}
 o - a potion of flight {unknown}
 r - a potion of berserk rage {unknown}
Comestibles
 f - 11 rations


   Skills:
 + Level 6.3 Fighting
 - Level 6.0 Axes
 - Level 3.0 Armour
 - Level 3.1 Shields


You had 6 spell levels left.
You didn't know any spells.
Your spell library contained the following spells:

 Spells                   Type           Power        Failure   Level  Hunger
 Confuse                  Hex            #.......     100%        3    ####...
 Tukima's Dance           Hex            #.......     100%        3    ####...
 Ensorcelled Hibernation  Hex/Ice        #.....       100%        2    ###....
 Corona                   Hex            #......      99%         1    ##.....
 Dazzling Spray           Conj/Hex       #.....       100%        3    ####...


Dungeon Overview and Level Annotations

Branches:
Dungeon (5/15)
 Temple: D:4-7

Altars:
Fedhas
Hepliaklqana
Sif Muna

Shops:
D:4 !*


Innate Abilities, Weirdness & Mutations

You have a pair of small horns on your head.
You are mostly covered in molten scales. (AC +3)
You regenerate a little health from kills.
You are partially covered in sharp spines.


Message History

* * * LOW HITPOINT WARNING * * *
You feel very sick. The hornet stings you.
* * * LOW HITPOINT WARNING * * *
You feel as though you will be slow longer.
The hornet stings you but does no damage.
You block the hornet's attack.
You closely miss the hornet. Your headbutt misses the hornet.
The hornet is almost dead.
* * * LOW HITPOINT WARNING * * *
You feel very sick. The hornet stings you.
* * * LOW HITPOINT WARNING * * *
You feel as though you will be slow longer.
You block the hornet's attack.
The hornet stings you but does no damage.
You hit the hornet.
You kill the hornet!
Your Fighting skill increases to level 6!
You die...

### .# #. ..# #.# #. #.#
#.# #.. #.# #.# #### #..
#.# #.#### #... ##...
#.# #.##.###.##
##....###.####.#...##.##
......†...............#.
#.....@#.####.#...##.#.
##...[........)........
####.###.###.###.#..#.
#. #.# #.# #.##.#. #.
#.# #.###.##.## #. #.#
#.....##.## #. #.#
####..##... #.
#.######..#####
#.........# #


There were no monsters in sight!

Vanquished Creatures
  A hornet (D:5)
  2 ogres
  Blork the orc (D:5)
  2 howler monkeys (D:4)
  A bullfrog skeleton (D:5)
  Ijyb (D:3)
  4 orc wizards
  4 gnolls (D:4)
  7 adders
  2 oozes
  3 worms (D:3)
  5 dart slugs
  4 leopard geckos
  11 orcs
  7 bats
  2 giant cockroaches
  3 goblins
  4 hobgoblins
  6 jackals (D:1)
  2 quokkas (D:2)
  2 frilled lizards (D:3)
  8 kobolds
  8 rats
90 creatures vanquished.

Notes
Turn   | Place    | Note
-------+----------+-------------------------------------------
     0 | D:1      | CougarLife the Demonspawn Fighter began the quest for the Orb.
     0 | D:1      | Reached XP level 1. HP: 18/18 MP: 1/1
    85 | D:1      | Gained mutation: You are partially covered in sharp spines. [demonic ancestry]
    85 | D:1      | Reached XP level 2. HP: 6/24 MP: 2/2
   831 | D:1      | Gained mutation: You have a pair of small horns on your head. [demonic ancestry]
   831 | D:1      | Reached XP level 3. HP: 29/29 MP: 3/3
  1328 | D:2      | Found a blossoming altar of Fedhas.
  1376 | D:2      | Found a hazy altar of Hepliaklqana.
  1402 | D:2      | Reached XP level 4. HP: 35/35 MP: 4/4
  2075 | D:3      | Gained mutation: You regenerate a little health from kills. [demonic ancestry]
  2075 | D:3      | Reached XP level 5. HP: 34/41 MP: 5/5
  2351 | D:3      | Noticed Ijyb
  2370 | D:3      | Killed Ijyb
  2850 | D:4      | Gained mutation: You are partially covered in molten scales. (AC +2) [demonic ancestry]
  2850 | D:4      | Reached XP level 6. HP: 44/48 MP: 6/6
  2868 | D:4      | Reached skill level 5 in Axes
  3381 | D:4      | Found Vitez's Distillery.
  3390 | D:4      | Bought a potion of might for 44 gold pieces
  3421 | D:4      | Found Mioderr's Assorted Antiques.
  3799 | D:5      | Entered Level 5 of the Dungeon
  3942 | D:5      | Noticed Blork the orc
  3951 | D:5      | Killed Blork the orc
  3951 | D:5      | Gained mutation: You are mostly covered in molten scales. (AC +3) [demonic ancestry]
  3951 | D:5      | Reached XP level 7. HP: 54/55 MP: 7/7
  4015 | D:5      | Found a deep blue altar of Sif Muna.
  4050 | D:5      | Reached skill level 5 in Fighting
  4187 | D:5      | Noticed a hornet
  4193 | D:5      | Paralysed by a hornet for 1 turns
  4196 | D:5      | Killed a hornet
  4196 | D:5      | Succumbed to a hornet's poison

Vault maps used:
D:1:      tarquinn_simple_flora_water_a, serial_bayou_pond_a
D:2:      lemuel_crystal_altar, fedhas_altar_3
D:3:      kennysheep_generic_room_3, uniq_ijyb
D:4:      serial_shops, shop, kennysheep_mini
D:5:      old_standard_altar, tgw_trog, first_ration, uniq_menkaure,
          uniq_blork_the_orc

Skill      XL: |  1  2  3  4  5  6  7 |
---------------+----------------------+-----
Shields        | 3 |  3.1
Armour         | 3 |  3.0
Axes           | 2 3 4 6 |  6.0
Fighting       | 4 6 |  6.3

Action                   |  1- 3 |  4- 6 |  7- 9 || total
-------------------------+-------+-------+-------++-------
Melee: War axe           |    80 |   133 |    16 ||   229
       Headbutt          |     5 |    24 |     4 ||    33
  Use: Potion            |       |     1 |       ||     1
  Eat: Chunk             |     2 |     6 |     1 ||     9
Armor: Scale mail        |    36 |    58 |     8 ||   102
Dodge: Dodged            |    26 |    30 |     1 ||    57
Block: Shield            |    61 |    59 |     9 ||   129

Table legend:
 A = Spawn XP
 B = Non-spawn XP
 C = Spawn XP percentage of total XP
 D = Spawn monster count
 E = Non-spawn monster count
 F = Spawn count percentage of total count
 G = Total turns spent on level
                    A         B        C        D         E        F      G
               +---------+---------+-------+---------+---------+-------+---------
         Total |       0 |    1225 |   0.0 |       0 |      90 |   0.0 |  4196
               +---------+---------+-------+---------+---------+-------+---------
           D:1 |       0 |      47 |   0.0 |       0 |      23 |   0.0 |  1089
           D:2 |       0 |      58 |   0.0 |       0 |      16 |   0.0 |   665
           D:3 |       0 |     176 |   0.0 |       0 |      30 |   0.0 |   907
           D:4 |       0 |     424 |   0.0 |       0 |      15 |   0.0 |  1138
           D:5 |       0 |     520 |   0.0 |       0 |       6 |   0.0 |   397
               +---------+---------+-------+---------+---------+-------+---------
